 Dungeon Crawl Stone Soup version 0.31.0-32-g396128a36d (webtiles) character file.

Game seed: 3945574109541105850

2612 safid the Grappler (level 9, -13/68 HPs)
             Began as a Grey Draconian Shapeshifter on Mar 18, 2024.
             Was an Initiate of Ru.
             Mangled by a two-headed ogre
             ... wielding a +0 giant spiked club
              (16 damage)
             ... on level 8 of the Dungeon.
             The game lasted 00:10:28 (5779 turns).

safid the Grappler (Grey Draconian Shapeshifter)    Turns: 5779, Time: 00:10:29

Health: -13/68     AC: 12    Str: 20    XL:     9   Next: 34%
Magic:  8/8        EV: 12    Int: 11    God:    Ru [......]
Gold:   109        SH:  0    Dex: 11    Spells: 8/8 levels left

rFire   + +          .
                       - Unarmed
rCold   . . .        (no shield)
rNeg    . . .        (body armour unavailable)
rPois   .            (helmet currently unavailable)
rElec   .            (cloak currently unavailable)
rCorr   .            (gloves currently unavailable)
SInv    .            (boots currently unavailable)
Will    .....        (no amulet)
Stlth   +            p - ring of protection from fire
HPRegen 0.31/turn    u - ring of protection from fire
MPRegen 0.11/turn

%: no passive effects
@: beast-form
A: beast (slay +4), AC +12, amphibious, unfitting armour, low MP 1, cold-blooded
a: Begin Untransformation, Renounce Religion


You were on level 8 of the Dungeon.
You worshipped Ru.
Ru was noncommittal.
You were a hulking beast.
You visited 2 branches of the dungeon, and saw 9 of its levels.
You also visited: Sewer.

You collected 419 gold pieces.
You spent 310 gold pieces at shops.

Inventory:

Missiles
 v - 2 curare-tipped darts (quivered)
Jewellery
 j - an amulet of regeneration
 p - a ring of protection from fire (left hand)
 u - a ring of protection from fire (right hand)
Talismans
 b - a beast talisman
 c - a flux talisman
Wands
 a - a wand of roots (13)
 C - a wand of paralysis (13)
Scrolls
 h - 4 scrolls of fear
 k - 5 scrolls of teleportation
 l - a scroll of immolation {unknown}
 n - a scroll of brand weapon {unknown}
 t - 2 scrolls of silence
 w - 2 scrolls of butterflies {unknown}
 y - a scroll of fog {unknown}
 z - a scroll of amnesia
 B - 2 scrolls of revelation
 D - 3 scrolls of identify
Potions
 d - a potion of might {unknown}
 e - a potion of berserk rage {unknown}
 f - a potion of attraction {unknown}
 g - a potion of heal wounds {unknown}
 i - 4 potions of curing
 m - a potion of resistance {unknown}
 o - a potion of haste {unknown}
 q - 2 potions of mutation
 r - a potion of degeneration {unknown}
 s - a potion of enlightenment {unknown}
 x - a potion of cancellation {unknown}
 A - a potion of lignification


   Skills:
 + Level 2.4 Fighting
 - Level 2.0 Dodging
 + Level 10.7 Unarmed Combat
 * Level 7.2 Shapeshifting


You had 8 spell levels left.
You didn't know any spells.
Your spell library contained the following spells:

 Spells                   Type           Power      Damage    Failure   Level
 Magic Dart               Conj           0%         1d3       34%         1
 Blink                    Tloc           0%         N/A       47%         2
 Call Imp                 Summ           0%         N/A       47%         2
 Lesser Beckoning         Tloc           0%         N/A       47%         2
 Dazzling Flash           Conj/Hex       0%         N/A       71%         3
 Fugue of the Fallen      Necr           0%         N/A       71%         3
 Gell's Gravitas          Tloc           0%         N/A       71%         3
 Ozocubu's Armour         Ice            0%         N/A       71%         3
 Summon Ice Beast         Ice/Summ       0%         N/A       71%         3
 Teleport Other           Tloc           0%         N/A       71%         3
 Volatile Blastmotes      Fire/Tloc      0%         2d10      71%         3
 Manifold Assault         Tloc           0%         N/A       98%         4
 Summon Mana Viper        Hex/Summ       0%         N/A       100%        5
 Starburst                Conj/Fire      0%         6d3       100%        6
 Monstrous Menagerie      Summ           0%         N/A       100%        7
 Maxwell's Capacitive Co  Air            0%         ∞         100%        8


Dungeon Overview and Level Annotations

Branches:
Dungeon (8/15)             Temple (1/1) D:5           Sewer (visited)
   Lair: D:8-11

Altars:
Cheibriados
Dithmenos
Elyvilon
Fedhas
Gozag
Hepliaklqana
Kikubaaqudgha
Makhleb
Nemelex Xobeh
Okawaru
Qazlal
Ru
Trog
Uskayaw
Vehumet
Wu Jian
Xom
Yredelemnul
Zin

Shops:
D:5 (   D:8 *


Innate Abilities, Weirdness & Mutations

You are a hulking beast.
Your limbs bulge with bestial killing power. (Slay +4)
Your dull iron-grey scales are very hard. (AC +12)
You are amphibious.
You cannot fit into any form of body armour.
Your magical capacity is low. (-10% MP)
You are cold-blooded and may be slowed by cold attacks.


Message History

The vampire mosquito draws strength from your injuries!
The vampire mosquito completely misses you.
You punch the vampire mosquito!
You destroy the vampire mosquito!
The bullfrog hits you but does no damage.
You hit the bullfrog. You tail-slap the bullfrog.
The bullfrog is moderately wounded.
The bullfrog hits you but does no damage.
You hit the bullfrog.
The bullfrog is heavily wounded.
The bullfrog barely misses you.
You closely miss the bullfrog. You punch the bullfrog!
The bullfrog is almost dead.
The bullfrog hits you.
You hit the bullfrog.
You kill the bullfrog!
As you read the scroll of identify, it crumbles to dust.
B - 2 scrolls of revelation
As you read the scroll of identify, it crumbles to dust.
t - 2 scrolls of silence The two-headed ogre shouts in stereo!
Unknown command.
You hit the two-headed ogre.
You tail-slap the two-headed ogre, but do no damage.
The two-headed ogre is lightly wounded.
You punch the two-headed ogre!
The two-headed ogre is lightly wounded.
The two-headed ogre closely misses you. x2
You punch the two-headed ogre! You punch the two-headed ogre.
The two-headed ogre is heavily wounded.
The two-headed ogre hits you with a +0 giant spiked club!!
The two-headed ogre barely misses you.
You punch the two-headed ogre! Your punch misses the two-headed ogre.
The two-headed ogre is almost dead.
You completely miss the two-headed ogre.
The two-headed ogre is almost dead.
The two-headed ogre hits you with a +0 giant spiked club!!
* * * LOW HITPOINT WARNING * * *
The two-headed ogre hits you with a +0 giant club!
You die...

....#....†...##
#..........####
#####.........# #
#.#<^.....### ..
...#.........### ).O
#...........#...#......
............∩...........
....###.......#####....>.
#..............Oh†...$....
...####........###........
#.#####.## ..#.>...# ...
.... ..##.....# ##
####/.## ....# .# ##### ##


You could see a two-headed ogre.

Vanquished Creatures
  2 vampire mosquitoes (D:8)
  2 ice beasts
  2 black bears
  2 centaurs
  3 ogres
  2 phantoms
  4 kobold brigands
  A brain worm (Sewer)
  5 bullfrogs
  4 scorpions
  6 hounds
  A bombardier beetle (D:5)
  A gnoll bouda (D:5)
  A sleepcap (D:4)
  An orc wizard (D:4)
  6 gnolls
  2 river rats (Sewer)
  4 adders
  A shadow imp (D:6)
  4 white imps
  7 ribbon worms
  2 dart slugs
  9 orcs
  5 bats
  13 endoplasms
  9 giant cockroaches
  6 goblins
  7 hobgoblins
  6 jackals
  16 kobolds
  3 quokkas
  7 ball pythons
  6 frilled lizards
  7 rats
157 creatures vanquished.

Notes
Turn   | Place    | Note
-------+----------+-------------------------------------------
     0 | D:1      | safid the Draconian Shapeshifter began the quest for the
                  | Orb.
     0 | D:1      | Reached XP level 1. HP: 16/16 MP: 1/1
     6 | D:1      | Noticed a basilisk
     6 | D:1      | Noticed a brain worm
     6 | D:1      | Noticed an imperial myrmidon
     7 | D:1      | Noticed a stone giant
    93 | D:1      | Reached XP level 2. HP: 20/23 MP: 2/2
   432 | D:1      | Reached XP level 3. HP: 28/28 MP: 3/3
   608 | D:1      | HP: 1/28 [poisoned by a kobold]
   918 | D:2      | Reached XP level 4. HP: 12/35 MP: 4/4
  1453 | D:2      | Found a faded altar of an unknown god.
  1623 | D:3      | Reached skill level 4 in Unarmed Combat
  2576 | D:4      | Reached XP level 5. HP: 34/40 MP: 5/5
  3037 | D:5      | Entered Level 5 of the Dungeon
  3066 | D:5      | Reached skill level 5 in Unarmed Combat
  3066 | D:5      | Reached XP level 6. HP: 31/47 MP: 6/6
  3069 | D:5      | Found Hoaxt's Weapon Boutique.
  3127 | D:5      | Reached skill level 6 in Unarmed Combat
  3127 | D:5      | Reached skill level 5 in Shapeshifting
  3144 | D:5      | Your scales start taking on a dull iron-grey colour.
  3144 | D:5      | Reached XP level 7. HP: 19/53 MP: 7/7
  3233 | D:5      | Found a glowing drain.
  3249 | Sewer    | Entered a sewer
  3303 | Sewer    | Reached skill level 7 in Unarmed Combat
  3754 | Sewer    | Reached XP level 8. HP: 60/61 MP: 8/8
  3928 | D:5      | Reached skill level 8 in Unarmed Combat
  4078 | D:5      | Found a staircase to the Ecumenical Temple.
  4084 | Temple   | Entered the Ecumenical Temple
  4110 | Temple   | Became a worshipper of Ru the Awakened
  4323 | D:6      | Reached skill level 9 in Unarmed Combat
  4471 | D:6      | Identified the +1 quarterstaff "Ohofanoe" {venom, rElec
                  | rPois rCorr}
  4893 | D:6      | Found a burning altar of Makhleb.
  5146 | D:7      | Identified the +4 ring mail "Peneici" {rF+ Will+ Regen+
                  | Stlth+}
  5179 | D:7      | Found a stormy altar of Qazlal.
  5180 | D:7      | Found a blossoming altar of Fedhas.
  5180 | D:7      | Found a snail-covered altar of Cheibriados.
  5185 | D:7      | Reached XP level 9. HP: 41/67 MP: 9/9
  5276 | D:7      | Found an iron altar of Okawaru.
  5276 | D:7      | Found a glowing silver altar of Zin.
  5278 | D:7      | Found a basalt altar of Yredelemnul.
  5278 | D:7      | Found a radiant altar of Vehumet.
  5279 | D:7      | Found a hazy altar of Hepliaklqana.
  5336 | D:7      | Reached skill level 10 in Unarmed Combat
  5367 | D:7      | Gained mutation: Your magical capacity is low. (-10% MP)
                  | [Ru sacrifice]
  5706 | D:8      | Found Kout Vesh's Assorted Antiques.
  5750 | D:8      | Bought a scroll of identify for 62 gold pieces
  5750 | D:8      | Bought a scroll of identify for 62 gold pieces
  5750 | D:8      | Bought a scroll of teleportation for 93 gold pieces
  5750 | D:8      | Bought a potion of curing for 93 gold pieces
  5755 | D:8      | Noticed a two-headed ogre
  5779 | D:8      | HP: 3/68 [two-headed ogre/+0 giant spiked club (24)]
  5779 | D:8      | Mangled by a two-headed ogre

Illustrated notes

Levels and vault maps discovered:
D:1:      onia_arrival_zoo_common, layout_rooms
D:2:      layout_basic, shapermc_ecumenical_altar_hornbeckon,
          grunt_decor_one_mirror
D:3:      layout_basic, kennysheep_path_1
D:4:      layout_rooms
D:5:      layout_rooms, minmay_temple_entry_enclosed_plants,
          cheibrodos_sewer_entry_drain, serial_shops, shop
D:6:      hellmonk_destroyed_diamonds, layout_basic,
          mainiacjoe_overflow_alcove_2
D:7:      layout_gridville, grunt_temple_overflow_open,
          serial_library_regret_index_multi
D:8:      layout_rooms, serial_shops, shop, serial_curves, eino_curves_02,
          eino_curves_04
Temple:   jpeg_temple_alley_garden

Skill      XL: |  1  2  3  4  5  6  7  8  9 |
---------------+----------------------------+-----
Dodging        | 2 |  2.0
Shapeshifting  | 4 5 6 7 |  7.2
Unarmed Combat | 4 5 6 7 9 10 | 10.7
Fighting       | 2 |  2.4

Action                     |  1- 3 |  4- 6 |  7- 9 || total
---------------------------+-------+-------+-------++-------
  Melee: Unarmed           |   109 |   145 |   206 ||   460
         Tailslap          |     6 |    18 |    28 ||    52
         Punch             |     1 |     4 |    13 ||    18
 Invoke: Sacrifice Essence |       |       |     1 ||     1
    Use: Potion            |     1 |       |       ||     1
         Scroll            |       |       |     8 ||     8
   Stab: Sleeping          |       |       |     1 ||     1
 Armour: Skin              |    69 |    78 |   104 ||   251
  Dodge: Dodged            |    58 |    92 |    88 ||   238
